 Dungeon Crawl Stone Soup version 0.30.0-10-gfe55d96785 (webtiles) character file.

Game seed: 2899067458346084154

19 cheesebisquit the Firebug (level 2, -3/23 HPs)
             Began as a Draconian Fire Elementalist on May 13, 2023.
             Succumbed to a kobold's poison
             ... on level 1 of the Dungeon.
             The game lasted 00:01:13 (439 turns).

cheesebisquit the Firebug (DrFE)                     Turns: 439, Time: 00:01:13

Health: -3/23      AC:  4    Str: 10    XL:     2   Next: 55%
Magic:  2/5        EV: 12    Int: 15    God:
Gold:   47         SH:  0    Dex: 11    Spells: 4/5 levels left

rFire   . . .        c - +0 hand axe
rCold   . . .        (no shield)
rNeg    . . .        (body armour unavailable)
rPois   .            (helmet restricted)
rElec   .            (no cloak)
rCorr   .            (no gloves)
SInv    .            (no boots)
Will    .....        (no amulet)
Stlth   ++           (no ring)
HPRegen 0.23/turn    (no ring)
MPRegen 0.09/turn

%: no passive effects
@: lethally poisoned (-3 -> -17), very slightly contaminated
A: AC +4, unfitting armour, cold-blooded
a: no special abilities


You were on level 1 of the Dungeon.
You visited 1 branch of the dungeon, and saw 1 of its levels.

You collected 47 gold pieces.

Inventory:

Hand Weapons
 c - a +0 hand axe (weapon)
Scrolls
 d - a scroll of immolation {unknown}
Potions
 a - a potion of magic
 b - a potion of attraction {unknown}


   Skills:
 + Level 1.1 Fighting
 + Level 2.1 Dodging
 + Level 2.1 Stealth
 + Level 2.2 Spellcasting
 - Level 1.0 Conjurations
 - Level 3.0 Fire Magic


You had 4 spell levels left.
You knew the following spells:

 Your Spells              Type           Power      Damage    Failure   Level
a - Foxfire               Conj/Fire      28%        2x1d5     10%         1

Your spell library contained the following spells:

 Spells                   Type           Power      Damage    Failure   Level
 Scorch                   Fire           20%        2d6       10%         2
 Inner Flame              Hex/Fire       6%         N/A       34%         3
 Volatile Blastmotes      Fire/Tloc      12%        2d11      34%         3
 Flame Wave               Conj/Fire      7%         2d5       67%         4


Dungeon Overview and Level Annotations

Branches:
Dungeon (1/15)

Altars:


Innate Abilities, Weirdness & Mutations

Your plain brown scales are hard. (AC +4)
You cannot fit into any form of body armour.
You are cold-blooded and may be slowed by cold attacks.


Message History

The foxfire hits the gnoll.
You kill the gnoll!
Your Fighting skill increases to level 1!
d - a scroll labelled VOWOUXK IZUESH
Things that are here:
a +0 spear; a gnoll corpse A kobold comes into view.
It is wielding a +1 short sword of venom.
The kobold shouts!
The kobold hits you but does no damage.
You are poisoned.
You miscast Foxfire.
You are very lightly contaminated with residual magic.
Nothing appears to happen.
You feel very sick.
The kobold hits you with a +1 short sword of venom.
You are lethally poisoned!
Okay, then.
Casting: Foxfire (safe; 10% risk of failure)
Press: ? - help, Q - select action Dir - look around, f - activate You conjure some foxfire!
You feel very sick. The kobold barely misses you.
You barely miss the kobold.
Your tail-slap misses the kobold.
You feel very sick.
The foxfire hits the kobold.
The kobold is heavily wounded.
The foxfire hits the kobold.
The kobold is severely wounded.
The kobold hits you with a +1 short sword of venom.
* * * LOW HITPOINT WARNING * * *
You are more poisoned.
Casting: Foxfire (safe; 10% risk of failure)
Press: ? - help, Q - select action Dir - look around, f - activate You conjure some foxfire!
* * * LOW HITPOINT WARNING * * *
You feel very sick. The kobold misses you.
You barely miss the kobold.
The kobold is severely wounded.
You die...

...................####..#
#....#######.#.#.#.#.....#
#..........#.###.#.#)##..#
#....................##..#
#.##.#####.#.###.#.#.##..#
...........#.# #.#.#.....#
#.##.........# #.#.####..#
#.#######.######.#.####....
#.# #.......@K........# #.#
#.######vv...... # #. #.#
###...... ..# .##### #.# .#
### #


You could see a kobold (ally target).

Vanquished Creatures
  A gnoll (D:1)
  An endoplasm (D:1)
  A giant cockroach (D:1)
  2 goblins (D:1)
  A kobold (D:1)
  A quokka (D:1)
  A ball python (D:1)
  A bat (D:1)
9 creatures vanquished.

Vanquished Creatures (others)
  25 foxfires (D:1)
25 creatures vanquished.

Grand Total: 34 creatures vanquished

Notes
Turn   | Place    | Note
-------+----------+-------------------------------------------
     0 | D:1      | cheesebisquit the Draconian Fire Elementalist began the
                  | quest for the Orb.
     0 | D:1      | Reached XP level 1. HP: 14/14 MP: 3/3
   282 | D:1      | Reached XP level 2. HP: 22/22 MP: 3/5
   346 | D:1      | Reached skill level 1 in Fighting
   438 | D:1      | HP: 1/23 [poisoned by a kobold]
   439 | D:1      | Succumbed to a kobold's poison

Illustrated notes

Levels and vault maps discovered:
D:1:      enne_arrival_octagon_isle, layout_basic, minmay_tall_x

Skill      XL: |  1  2 |
---------------+-------+-----
Dodging        | 2 |  2.1
Stealth        | 2 |  2.1
Fighting       | 1 |  1.1
Spellcasting   | |  2.2
Conjurations   | |  1.0
Fire Magic     | |  3.0

Action                     || total
---------------------------++-------
  Melee: Unarmed           ||     3
         Hand axe          ||     2
   Cast: Foxfire           ||    17
 Armour: Skin              ||     4
  Dodge: Dodged            ||     6
